cohdb
Replays
Latest Replays
All Replays
Popular Replays
Top Player Replays
Match Explorer
How It Works
Community
CoH3 Stats
Reddit
Sign in to upload your games and track your stats! →
Sign in with Steam
Match 45204658
Unlisted
Match 45204658
Overview
Messages
Build Orders
End
Vickers Machine Gun Team
Selects Canadian Shock Battlegroup
Selects Canadian Shock Battlegroup
Royal Engineer Section
Construct Section Command Post
Dingo Light Scout Car
Construct Platoon Command Post
Selects Offensive Resupply
Selects Canadian Shock Section
Canadian Shock Section
Selects Incendiary Munitions
Canadian Shock Section
Unlock M3 Stuart Light Tanks
M3 Stuart Light Tank
M3 Stuart Light Tank
M3 Stuart Light Tank
Selects Pyrotechnics
Canadian Shock Section
Infantry Training
Construct Company Command Post
Selects Churchill Crocodile Heavy Tank
Mr.Larry.Mx
고양이귀 에스텔
ReverseAverage
Adelfos
Animex14
AntonioFlores
0
0
Comments
sign in to comment!
No comments posted yet!